PUB
ATLANTIC CITY ACES @ HARLEM HELLIONS
07/25/1972
 
TOP OF THE 1ST
Atlantic City Aces batting - Pitching for Harlem Hellions : RHP Yoshihisa Koyama
Pitching: RHP Yoshihisa Koyama
Batting: LHB Sonny Jackson 0-0: Ball
1-0: Ball
2-0: Swinging Strike
2-1: SINGLE (Groundball, 4MD, EV 96.3 MPH)
Batting: LHB Thurman Hoffman 0-0: Ball
1-0: Ball
2-0: Called Strike
2-1: Foul Ball, location: 5SF
2-2: Foul Ball, location: 2RF
2-2: Foul Ball, location: 2F
2-2: Fly out, F7 (Flyball, 78D, EV 91.9 MPH)
Batting: LHB Petter Bhatti 0-0: Called Strike
0-1: Fly out, F9 (Flyball, 9LS, EV 87.5 MPH)
Batting: SHB Chris Martin 0-0: Ball
1-0: Ball
2-0: Ball
3-0: Called Strike
3-1: Base on Balls
Sonny Jackson to second
Batting: RHB Jack Powers 0-0: Called Strike
0-1: Ball
1-1: Foul Ball, location: 9LMF
1-2: Foul Ball, location: 9LSF
1-2: Fly out, F8 (Flyball, 8RXD, EV 99.4 MPH)
Top of the 1st over - 0 runs, 1 hit, 0 errors, 2 left on base; Atlantic City 0 - Harlem 0
BOTTOM OF THE 1ST
Harlem Hellions batting - Pitching for Atlantic City Aces : RHP Brenton Miller
Pitching: RHP Brenton Miller
Batting: LHB José Gálvez 0-0: Ball
1-0: Foul Ball, location: 3FF
1-1: Foul Ball, location: 2F
1-2: Ball
2-2: Foul Ball, location: 7LDF
2-2: Foul Ball, location: 3SF
2-2: Strikes out swinging
Batting: RHB Cesar Tovar 0-0: Ball
1-0: Called Strike
1-1: Foul Ball, location: 2F
1-2: Strikes out swinging
Batting: LHB Cliff Lambert 0-0: Hit by Pitch
Batting: RHB Kyle García 0-0: Foul Ball, location: 9LDF
0-1: Fly out, F5 (Popup, 5S, EV 78.1 MPH)
Bottom of the 1st over - 0 runs, 0 hits, 0 errors, 1 left on base; Atlantic City 0 - Harlem 0
TOP OF THE 2ND
Atlantic City Aces batting - Pitching for Harlem Hellions : RHP Yoshihisa Koyama
Batting: SHB Jorge González 0-0: Foul Ball, location: 5SF
0-1: SINGLE (Popup, 56D, EV 60.0 MPH)
Batting: RHB Kazuyuki Fujihara 0-0: Called Strike
0-1: Grounds into double play, 3-6-1 (Groundball, 34S, EV 82.5 MPH)
Batting: RHB Carroll Hilliard 0-0: Ball
1-0: Ball
2-0: Ball
3-0: Base on Balls
Batting: RHB Brenton Miller 0-0: Ball
1-0: Ground out 1-3 (Groundball, 15S, EV 68.1 MPH)
Top of the 2nd over - 0 runs, 1 hit, 0 errors, 1 left on base; Atlantic City 0 - Harlem 0
BOTTOM OF THE 2ND
Harlem Hellions batting - Pitching for Atlantic City Aces : RHP Brenton Miller
Batting: LHB Dan Atkinson 0-0: Ball
1-0: Ball
2-0: Called Strike
2-1: Foul Ball, location: 9LSF
2-2: Strikes out looking
Batting: RHB Beau Roughley 0-0: Ball
1-0: Ball
2-0: Fly out, F8 (Flyball, 8RS, EV 84.4 MPH)
Batting: RHB Alberto MacKnight 0-0: Ball
1-0: Ball
2-0: Fly out, F8 (Flyball, 78M, EV 90.6 MPH)
Bottom of the 2nd over - 0 runs, 0 hits, 0 errors, 0 left on base; Atlantic City 0 - Harlem 0
TOP OF THE 3RD
Atlantic City Aces batting - Pitching for Harlem Hellions : RHP Yoshihisa Koyama
Batting: LHB Sonny Jackson 0-0: Called Strike
0-1: Ball
1-1: Called Strike
1-2: Ground out 6-3 (Groundball, 6, EV 103.1 MPH)
Batting: LHB Thurman Hoffman 0-0: Called Strike
0-1: Fly out, F5 (Popup, 5DF, EV 70.6 MPH)
Batting: LHB Petter Bhatti 0-0: Called Strike
0-1: Ball
1-1: Ground out 4-3 (Groundball, 4, EV 102.5 MPH)
Top of the 3rd over - 0 runs, 0 hits, 0 errors, 0 left on base; Atlantic City 0 - Harlem 0
BOTTOM OF THE 3RD
Harlem Hellions batting - Pitching for Atlantic City Aces : RHP Brenton Miller
Batting: RHB Yoshihisa Koyama 0-0: Called Strike
0-1: Ball
1-1: Foul Ball, location: 3SF
1-2: Strikes out swinging
Batting: RHB Jason Cole 0-0: Ball
1-0: Ball
2-0: Foul Ball, location: 2F
2-1: Ball
3-1: Base on Balls
Batting: LHB José Gálvez 0-0: Ball
1-0: Foul Ball, location: 2F
1-1: Ball
2-1: Swinging Strike
2-2: Ball
3-2: Strikes out looking
Batting: RHB Cesar Tovar 0-0: Fly out, F7 (Flyball, 78D, EV 107.5 MPH)
Bottom of the 3rd over - 0 runs, 0 hits, 0 errors, 1 left on base; Atlantic City 0 - Harlem 0
TOP OF THE 4TH
Atlantic City Aces batting - Pitching for Harlem Hellions : RHP Yoshihisa Koyama
Batting: SHB Chris Martin 0-0: Ball
1-0: Ball
2-0: Ball
3-0: Called Strike
3-1: SINGLE (Groundball, 4D, EV 96.9 MPH)
Batting: RHB Jack Powers 0-0: Ball
1-0: Ball
2-0: Ball
3-0: Base on Balls
Chris Martin to second
Batting: SHB Jorge González 0-0: Ball
1-0: Called Strike
1-1: Grounds into double play, 4-6-3 (Groundball, 4, EV 108.8 MPH)
Chris Martin to third
Batting: RHB Kazuyuki Fujihara 0-0: Ground out 6-3 (Groundball, 4M, EV 86.9 MPH)
Top of the 4th over - 0 runs, 1 hit, 0 errors, 1 left on base; Atlantic City 0 - Harlem 0
BOTTOM OF THE 4TH
Harlem Hellions batting - Pitching for Atlantic City Aces : RHP Brenton Miller
Batting: LHB Cliff Lambert 0-0: Ball
1-0: SOLO HOME RUN (Flyball, 9D, EV 95.6 MPH), Distance : 382 ft
Batting: RHB Kyle García 0-0: Called Strike
0-1: Ball
1-1: Ball
2-1: SOLO HOME RUN (Flyball, 9D, EV 98.8 MPH), Distance : 379 ft
Batting: LHB Dan Atkinson 0-0: Called Strike
0-1: Ground out 5-3 (Groundball, 56, EV 91.3 MPH)
Batting: RHB Beau Roughley 0-0: Ball
1-0: Foul Ball, location: 9LDF
1-1: SINGLE (Line Drive, 78S, EV 100.0 MPH)
Batting: RHB Alberto MacKnight 0-0: Called Strike
0-1: Ball
1-1: Ball
2-1: Ball
3-1: Called Strike
3-2: Fielders Choice at 2nd, 1-6 (Groundball, 34S, EV 73.8 MPH)
Batting: RHB Yoshihisa Koyama 0-0: Fly out, F9 (Flyball, 9S, EV 92.5 MPH)
Bottom of the 4th over - 2 runs, 3 hits, 0 errors, 1 left on base; Atlantic City 0 - Harlem 2
TOP OF THE 5TH
Atlantic City Aces batting - Pitching for Harlem Hellions : RHP Yoshihisa Koyama
Batting: RHB Carroll Hilliard 0-0: Swinging Strike
0-1: SINGLE (Groundball, 6MD, EV 108.1 MPH)
Batting: RHB Brenton Miller 0-0: Sac Bunt to 25 - play at second, runner OUT! 5-6
Batting: LHB Sonny Jackson 0-0: Called Strike
0-1: Swinging Strike
0-2: Strikes out swinging
Batting: LHB Thurman Hoffman 0-0: Called Strike
0-1: Ball
1-1: Ball
2-1: Swinging Strike
2-2: Fielders Choice at 2nd, 5-4 (Groundball, 5L, EV 85.6 MPH)
Top of the 5th over - 0 runs, 1 hit, 0 errors, 1 left on base; Atlantic City 0 - Harlem 2
BOTTOM OF THE 5TH
Harlem Hellions batting - Pitching for Atlantic City Aces : RHP Brenton Miller
Batting: RHB Jason Cole 0-0: Ball
1-0: Foul Ball, location: 9LSF
1-1: Foul Ball, location: 2F
1-2: Ball
2-2: Foul Ball, location: 3FF
2-2: Foul Ball, location: 2F
2-2: Strikes out swinging
Batting: LHB José Gálvez 0-0: Ball
1-0: Foul Ball, location: 2F
1-1: Ball
2-1: Foul Ball, location: 5FF
2-2: Foul Ball, location: 2RF
2-2: Ground out 4-3 (Groundball, 4M, EV 105.6 MPH)
Batting: RHB Cesar Tovar 0-0: Called Strike
0-1: Swinging Strike
0-2: Ball
1-2: Foul Ball, location: 7LMF
1-2: Foul Ball, location: 7LSF
1-2: Strikes out swinging
Bottom of the 5th over - 0 runs, 0 hits, 0 errors, 0 left on base; Atlantic City 0 - Harlem 2
TOP OF THE 6TH
Atlantic City Aces batting - Pitching for Harlem Hellions : RHP Yoshihisa Koyama
Batting: LHB Petter Bhatti 0-0: Called Strike
0-1: Foul Ball, location: 2F
0-2: DOUBLE (Flyball, 8RXD, EV 99.4 MPH)
Batting: SHB Chris Martin 0-0: 2-RUN HOME RUN (Flyball, 89XD, EV 101.3 MPH), Distance : 415 ft
Batting: RHB Jack Powers 0-0: Ground out 6-3 (Groundball, 6MS, EV 91.9 MPH)
Batting: SHB Jorge González 0-0: Ball
1-0: Swinging Strike
1-1: Foul Ball, location: 25F
1-2: Strikes out swinging
Batting: RHB Kazuyuki Fujihara 0-0: Fly out, F7 (Flyball, 78S, EV 90.6 MPH)
Top of the 6th over - 2 runs, 2 hits, 0 errors, 0 left on base; Atlantic City 2 - Harlem 2
BOTTOM OF THE 6TH
Harlem Hellions batting - Pitching for Atlantic City Aces : RHP Brenton Miller
Batting: LHB Cliff Lambert 0-0: SINGLE (Line Drive, 5D, EV 104.4 MPH)
Batting: RHB Kyle García 0-0: Ball
1-0: Ball
2-0: Ball
3-0: Called Strike
3-1: Base on Balls
Cliff Lambert to second
Pinch Runner at 2nd Mark Scott:
Batting: LHB Dan Atkinson 0-0: Called Strike
0-1: Called Strike
0-2: Fly out, F8 (Flyball, 8RD, EV 96.9 MPH)
Runner from 2nd tags up, SAFE at 3rd with throw by CF
Batting: RHB Beau Roughley 0-0: Swinging Strike
0-1: Ball
1-1: Grounds into double play, 4-6-3 (Groundball, 4M, EV 97.5 MPH)
Bottom of the 6th over - 0 runs, 1 hit, 0 errors, 1 left on base; Atlantic City 2 - Harlem 2
TOP OF THE 7TH
Atlantic City Aces batting - Pitching for Harlem Hellions : RHP Yoshihisa Koyama
Now in RF: Mark Scott
Batting: RHB Carroll Hilliard 0-0: Called Strike
0-1: SINGLE (Flyball, 8RS, EV 96.9 MPH)
Pinch Hitting: LHB Dustin Little 0-0: Ball
1-0: Called Strike
1-1: Fly out, F9 (Flyball, 89M, EV 91.9 MPH)
Batting: LHB Sonny Jackson 0-0: Called Strike
0-1: Called Strike
0-2: Foul Ball, location: 2F
0-2: Fielders Choice at 2nd, 1-4 (Groundball, 15S, EV 75.6 MPH)
Batting: LHB Thurman Hoffman 0-0: Ball
1-0: Foul Ball, location: 7LSF
1-1: Foul Ball, location: 7LSF
1-2: Strikes out swinging
Top of the 7th over - 0 runs, 1 hit, 0 errors, 1 left on base; Atlantic City 2 - Harlem 2
BOTTOM OF THE 7TH
Harlem Hellions batting - Pitching for Atlantic City Aces : RHP Brenton Miller
Pitching: RHP Blakeley Johnson
Batting: RHB Alberto MacKnight 0-0: Ball
1-0: Ball
2-0: Swinging Strike
2-1: Ball
3-1: Foul Ball, location: 25F
3-2: Foul Ball, location: 9LSF
3-2: Foul Ball, location: 2F
3-2: Strikes out swinging
Batting: RHB Yoshihisa Koyama 0-0: DOUBLE (Flyball, 8RD, EV 93.1 MPH)
Batting: RHB Jason Cole 0-0: Ball
1-0: Ground out U3 (Groundball, 34, EV 85.0 MPH)
Yoshihisa Koyama to third
Batting: LHB José Gálvez 0-0: Called Strike
0-1: Ball
1-1: Called Strike
1-2: Ball
2-2: SINGLE (Line Drive, 7S, EV 108.8 MPH)
Yoshihisa Koyama scores
Batting: RHB Cesar Tovar 0-0: Ball
1-0: SINGLE (Line Drive, 8RS, EV 87.5 MPH)
José Gálvez to second
Batting: SHB Mark Scott 0-0: Ball
1-0: SINGLE (Groundball, 5D, EV 99.4 MPH)
José Gálvez to third
Cesar Tovar to second
Runner from 3rd tries for Home, SAFE, throw by LF to home
Batting: RHB Kyle García 0-0: Ball
1-0: Foul Ball, location: 25F
1-1: Ball
Wild Pitch!
Cesar Tovar to third
Mark Scott to second
2-1: Ground out 4-3 (Groundball, 4, EV 89.4 MPH)
Bottom of the 7th over - 2 runs, 4 hits, 0 errors, 2 left on base; Atlantic City 2 - Harlem 4
TOP OF THE 8TH
Atlantic City Aces batting - Pitching for Harlem Hellions : RHP Yoshihisa Koyama
Batting: LHB Petter Bhatti 0-0: Called Strike
0-1: Ball
1-1: Ground out 4-3 (Groundball, 4, EV 83.1 MPH)
Batting: SHB Chris Martin 0-0: Ball
1-0: Ball
2-0: SINGLE (Groundball, 6MS, EV 85.6 MPH) (infield hit)
Batting: RHB Jack Powers 0-0: Fielders Choice at 2nd, 5-4 (Groundball, 56S, EV 77.5 MPH)
Batting: SHB Jorge González 0-0: Swinging Strike
0-1: Swinging Strike
0-2: Ball
1-2: Ball
2-2: Strikes out swinging
Top of the 8th over - 0 runs, 1 hit, 0 errors, 1 left on base; Atlantic City 2 - Harlem 4
BOTTOM OF THE 8TH
Harlem Hellions batting - Pitching for Atlantic City Aces : RHP Blakeley Johnson
Batting: LHB Dan Atkinson 0-0: Ball
1-0: Ball
2-0: Called Strike
2-1: Foul Ball, location: 3FF
2-2: Ground out U3 (Groundball, 34S, EV 86.3 MPH)
Batting: RHB Beau Roughley 0-0: Fly out, F6 (Line Drive, 6, EV 71.9 MPH)
Batting: RHB Alberto MacKnight 0-0: SINGLE (Line Drive, 7S, EV 104.4 MPH)
Pinch Hitting: LHB Doug Wright 0-0: Foul Ball, location: 23FF
0-1: Foul Ball, location: 23F
0-2: Ball
1-2: Foul Ball, location: 3F
1-2: Strikes out swinging
Bottom of the 8th over - 0 runs, 1 hit, 0 errors, 1 left on base; Atlantic City 2 - Harlem 4
TOP OF THE 9TH
Atlantic City Aces batting - Pitching for Harlem Hellions : RHP Yoshihisa Koyama
Pitching: RHP Jerry Hinsley
Now at C: Boyd Wallace
Now in CF: Simon Woods
Batting: RHB Kazuyuki Fujihara 0-0: Called Strike
0-1: Called Strike
0-2: Ball
1-2: Ground out 4-3 (Groundball, 4MS, EV 85.6 MPH)
Batting: RHB Carroll Hilliard 0-0: Called Strike
0-1: Ball
1-1: Called Strike
1-2: Ball
2-2: Ball
3-2: Fly out, F9 (Flyball, 89S, EV 86.9 MPH)
Pinch Hitting: RHB Roy Foster 0-0: Ball
1-0: Ball
2-0: Foul Ball, location: 2F
2-1: Called Strike
2-2: Foul Ball, location: 2F
2-2: Hit by Pitch
Batting: LHB Sonny Jackson 0-0: Ball
1-0: SINGLE (Groundball, 34D, EV 104.4 MPH)
Roy Foster to second
Pitching: LHP Red Roberts
Pinch Hitting: RHB Larry Hisle 0-0: Foul Ball, location: 9LSF
0-1: Foul Ball, location: 2F
0-2: Ball
1-2: Foul Ball, location: 2F
1-2: Ball
2-2: Ball
3-2: Foul Ball, location: 2F
3-2: Base on Balls
Roy Foster to third
Sonny Jackson to second
Batting: LHB Petter Bhatti 0-0: Called Strike
0-1: DOUBLE (Line Drive, 3D, EV 99.4 MPH)
Roy Foster scores
Sonny Jackson scores
Larry Hisle to third
Runner from 3rd tries for Home, SAFE, throw by RF to trailing runner, OUT at third! 9-3-5
Top of the 9th over - 3 runs, 2 hits, 0 errors, 0 left on base; Atlantic City 5 - Harlem 4
BOTTOM OF THE 9TH
Harlem Hellions batting - Pitching for Atlantic City Aces : RHP Blakeley Johnson
Pitching: LHP Marcos Díaz
Now in LF: Larry Hisle
Batting: RHB Jason Cole 0-0: Ball
1-0: Foul Ball, location: 9LSF
1-1: Ball
2-1: Ball
3-1: Base on Balls
Batting: LHB José Gálvez 0-0: Sac Bunt to 23 - play at first, batter safe!
Jason Cole to second
Pinch Hitting: RHB Tim Collins 0-0: Bunt missed!
0-1: Foul Ball, location: 2F
0-2: Foul Ball, location: 5F
0-2: Foul Ball, location: 2F
0-2: Strikes out swinging
Batting: SHB Mark Scott 0-0: Ball
1-0: Foul Ball, location: 2F
1-1: Grounds into double play, 5-4-3 (Groundball, 56, EV 98.1 MPH)
Bottom of the 9th over - 0 runs, 1 hit, 0 errors, 1 left on base; Atlantic City 5 - Harlem 4
Monday, April 15th , 2024 - OOTP Baseball 24.8 Build 75